 Dungeon Crawl Stone Soup version 0.31-a0-233-g139696dc86 (webtiles) character file.

Game seed: 3961543433170678250

4392 CowFu the Martial Artist (level 10, -12/84 HPs)
             Began as a Red Draconian Transmuter on July 9, 2023.
             Was a Believer of the Shining One.
             Mangled by a meliai
             ... wielding a +0 war axe
              (16 damage)
             ... on level 9 of the Dungeon.
             The game lasted 00:14:10 (9080 turns).

CowFu the Martial Artist (Red Draconian Transmuter) Turns: 9080, Time: 00:14:11

Health: -12/84     AC:  9    Str: 13    XL:     10   Next: 13%
Magic:  11/13      EV: 14    Int: 19    God:    the Shining One [**....]
Gold:   857        SH:  0    Dex: 16    Spells: 6/13 levels left

rFire   + .          .
                       - Unarmed
rCold   . . .        (no shield)
rNeg    + . .        (body armour unavailable)
rPois   .            (helmet currently unavailable)
rElec   .            J - +0 cloak
rCorr   .            f - +0 pair of gloves
SInv    .            n - melded +0 pair of boots
Will    .....        k - amulet of magic regeneration
Stlth   +            a - +6 ring of intelligence
HPRegen 0.34/turn    m - ring of wizardry
MPRegen 0.53/turn

%: wizardry (x1)
@: appendages, wereblooded, glowing
A: horns 2, talons 2, breathe fire, AC +7, unfitting armour, fire resistance 1,
cold-blooded
a: Breathe Fire, End Transformation, Renounce Religion, Divine Shield


You were on level 9 of the Dungeon.
You worshipped the Shining One.
The Shining One was pleased with you.
You had temporarily grown beastly horns and talons.
You visited 1 branch of the dungeon, and saw 9 of its levels.
You also visited: Ossuary.

You collected 966 gold pieces.
You spent 109 gold pieces at shops.

Inventory:

Missiles
 I - a throwing net
Armour
 e - a +0 buckler
 f - a +0 pair of gloves (worn)
 n - a +0 pair of boots (melded)
 J - a +0 cloak (worn)
Jewellery
 a - a +6 ring of intelligence (left hand)
 k - an amulet of magic regeneration (around neck)
 m - a ring of wizardry (right hand)
 v - a ring of ice
 y - a ring of flight
 G - a ring of willpower
Wands
 g - a wand of paralysis (2)
 s - a wand of mindburst (13)
 x - a wand of roots (9)
 z - a wand of flame (46)
Scrolls
 b - 5 scrolls of vulnerability
 c - 2 scrolls of immolation
 j - a scroll of enchant weapon
 t - 3 scrolls of teleportation
 A - 4 scrolls of identify
 D - a scroll of poison
 E - a scroll of amnesia
Potions
 d - a potion of ambrosia
 h - a potion of cancellation
 i - 2 potions of magic
 l - 2 potions of mutation
 o - 2 potions of heal wounds
 p - 6 potions of curing
 q - a potion of enlightenment
 r - 4 potions of brilliance
 u - 2 potions of attraction
 w - a potion of resistance
 B - a potion of invisibility
 C - 2 potions of might


   Skills:
 + Level 6.5 Fighting
 + Level 5.6 Dodging
 + Level 9.2 Unarmed Combat
 - Level 2.0 Spellcasting
 + Level 8.5 Transmutations
 - Level 2.0 Ice Magic


You had 6 spell levels left.
You knew the following spells:

 Your Spells              Type           Power      Damage    Failure   Level
a - Beastly Appendage     Tmut           68%        N/A       1%          1
b - Wereblood             Tmut           34%        N/A       1%          2
c - Ice Form              Ice/Tmut       21%        N/A       8%          4

Your spell library contained the following spells:

 Spells                   Type           Power      Damage    Failure   Level
 Spider Form              Tmut/Pois      18%        N/A       3%          3


Dungeon Overview and Level Annotations

Branches:
Dungeon (9/15)             Temple (0/1) D:6         Ossuary (visited)
   Lair: D:8-11         Orc: D:9-12

Altars:
Ashenzari
Cheibriados
Fedhas
Gozag
Hepliaklqana
Makhleb
Qazlal
Ru
Uskayaw
Xom
Yredelemnul
The Shining One

Shops:
D:2 *   D:6 *


Innate Abilities, Weirdness & Mutations

You have temporarily grown beastly horns and talons.
You can breathe blasts of fire.
Your fiery red scales are hard. (AC +7)
You cannot fit into any form of body armour.
Your flesh is heat resistant. (rF+)
You are cold-blooded and may be slowed by cold attacks.


Message History

A kobold comes into view. It is wielding a +0 club.
The yak barely misses you.
You hit the yak but do no damage. You claw the yak.
The yak is heavily wounded.
You hit the yak. You claw the yak.
The yak is severely wounded.
The yak gores you.
A meliai comes into view. It is wielding a +0 war axe.
You hit the yak. You claw the yak. You headbutt the yak. You tail-slap the yak.
You punch the yak.
The yak is almost dead.
The yak closely misses you.
The howler monkey hoots and howls with incredible vigour!
You hear an angry buzzing noise.
You hear a shout!
You hear an angry buzzing noise.
You hear a shout! x2
You punch the yak!
You kill the yak!
The meliai hits you with a +0 war axe! The meliai misses you.
The meliai mumbles some strange prayers to its god against you.
Something smites you!
* * * LOW HITPOINT WARNING * * *
You are too injured to fight recklessly!
You are too injured to fight recklessly!
You are too injured to fight recklessly!
You are too injured to fight recklessly!
You are too injured to fight recklessly!
You are too injured to fight recklessly!
You are too injured to fight recklessly!
You are too injured to fight recklessly!
You are too injured to fight recklessly!
You are too injured to fight recklessly!
You are too injured to fight recklessly!
You are too injured to fight recklessly!
Casting: Beastly Appendage (safe; 1% risk of failure)
Confirm with . or Enter, or press ? or * to list all spells.
Your blood is infused with primal strength.
The meliai hits you with a +0 war axe!
* * * LOW HITPOINT WARNING * * *
The meliai completely misses you. The meliai hits you with a +0 war axe!
You die...

.##....
#.#....
#.....
#.>..
..##..K
#..##Kh
#..##K##
#..##@##
#..##y##
#..##.#
#...##
##.##
##..####
##......#
#...<...#
#........#


You could see a kobold brigand, a meliai, a howler monkey (catching breath) and
2 kobolds.

Vanquished Creatures
  Grinder (D:3)
  5 yaks (D:9)
  A wyvern (D:8)
  2 steam dragons (D:8)
  2 water moccasins
  An ice beast (D:6)
  2 black bears
  3 ogres (D:5)
  A centaur (D:7)
  2 phantoms
  A kobold brigand (D:4)
  2 bullfrogs (D:7)
  4 elf zombies (Ossuary)
  5 scorpions
  A howler monkey (D:9)
  5 centaur zombies (Ossuary)
  3 human zombies (Ossuary)
  6 hounds
  3 jellies (D:6)
  Crazy Yiuf (D:5)
  3 orc priests
  4 iguanas
  3 sleepcaps
  Ijyb (D:4)
  6 orc wizards
  3 mummies (Ossuary)
  11 gnolls
  7 adders
  3 shadow imps
  2 white imps
  An ufetubus (D:6)
  2 worms
  4 dart slugs
  18 orcs
  3 endoplasms
  2 giant cockroaches
  6 goblins
  9 hobgoblins
  3 quokkas
  7 ball pythons
  4 bats
  3 frilled lizards
  9 kobolds
  4 rats
169 creatures vanquished.

Notes
Turn   | Place    | Note
-------+----------+-------------------------------------------
     0 | D:1      | CowFu the Draconian Transmuter began the quest for the Orb.
     0 | D:1      | Reached XP level 1. HP: 16/16 MP: 3/3
   271 | D:1      | Reached XP level 2. HP: 23/23 MP: 3/5
   580 | D:1      | Reached XP level 3. HP: 27/28 MP: 4/6
  1165 | D:2      | Reached skill level 4 in Unarmed Combat
  1312 | D:2      | Found Joebrixar's Assorted Antiques.
  1315 | D:2      | Bought a scroll labelled SAIDIO JACLAETHRU for 23 gold
                  | pieces
  1315 | D:2      | Bought a scroll labelled PEAZUXZ WEWA for 23 gold pieces
  1791 | D:3      | Reached XP level 4. HP: 32/35 MP: 7/7
  1851 | D:3      | Noticed Grinder
  1867 | D:3      | Paralysed by Grinder for 4 turns
  1879 | D:3      | Killed Grinder
  1880 | D:3      | Reached skill level 5 in Unarmed Combat
  1880 | D:3      | Reached XP level 5. HP: 25/40 MP: 8/8
  1880 | D:3      | Reached XP level 6. HP: 29/47 MP: 9/9
  2051 | D:3      | Found a sacrificial altar of Ru.
  2107 | D:3      | Reached skill level 6 in Unarmed Combat
  3284 | D:2      | Bought an amethyst potion for 20 gold pieces
  3284 | D:2      | Bought a scroll labelled SAIDIO JACLAETHRU for 23 gold
                  | pieces
  3284 | D:2      | Bought an inky potion for 20 gold pieces
  3378 | D:4      | Learned a level 2 spell: Wereblood
  3383 | D:4      | Learned a level 4 spell: Ice Form
  3552 | D:4      | Reached skill level 1 in Ice Magic
  3552 | D:4      | Your scales start taking on a fiery red colour.
  3552 | D:4      | Reached XP level 7. HP: 21/52 MP: 10/10
  3552 | D:4      | Gained mutation: Your flesh is heat resistant. (rF+) [Red
                  | Draconian growth]
  3707 | D:4      | Noticed Ijyb
  3708 | D:4      | Paralysed by Ijyb for 5 turns
  3722 | D:4      | Paralysed by Ijyb for 3 turns
  3727 | D:4      | Killed Ijyb
  3728 | D:4      | Reached skill level 1 in Ice Magic
  4162 | D:4      | Reached skill level 7 in Unarmed Combat
  4346 | D:4      | Reached skill level 5 in Transmutations
  4493 | D:5      | Entered Level 5 of the Dungeon
  4896 | D:5      | Reached XP level 8. HP: 26/60 MP: 11/11
  5460 | D:5      | You fall into a shaft and drop 3 floors!
  5632 | D:8      | Found a stormy altar of Qazlal.
  5634 | D:8      | Found a glowing golden altar of the Shining One.
  5634 | D:8      | Found a basalt altar of Yredelemnul.
  5634 | D:8      | Found a hide-covered altar of Uskayaw.
  5639 | D:8      | Became a worshipper of the Shining One
  6300 | D:8      | Found a blossoming altar of Fedhas.
  6300 | D:8      | Found a hazy altar of Hepliaklqana.
  6522 | D:7      | Reached skill level 8 in Unarmed Combat
  6522 | D:7      | Reached XP level 9. HP: 43/71 MP: 12/12
  7108 | D:6      | Identified a scroll of acquirement
  7108 | D:6      | Acquired 492 gold pieces
  7196 | D:6      | Found a staircase to the Ecumenical Temple.
  7213 | D:6      | Found a burning altar of Makhleb.
  7227 | D:6      | Found a shimmering altar of Xom.
  7296 | D:6      | Found a sand-covered staircase.
  7313 | Ossuary  | Entered an ossuary
  7320 | Ossuary  | Reached * piety under the Shining One
  7406 | Ossuary  | Reached skill level 5 in Fighting
  7569 | D:6      | Reached ** piety under the Shining One
  7792 | D:6      | Found a broken altar of Ashenzari.
  7800 | D:6      | Reached skill level 5 in Dodging
  7910 | D:6      | Found an opulent altar of Gozag.
  7921 | D:6      | Found Gozag's Platinum Reserve.
  8154 | D:6      | Found a snail-covered altar of Cheibriados.
  8173 | D:6      | Identified the orb "Tilacomupt" {*Rage, Rampage rF+ Slay-2}
  8789 | D:5      | Found a runed translucent door.
  8790 | D:5      | Noticed Crazy Yiuf
  8796 | D:5      | Killed Crazy Yiuf
  9041 | D:9      | Noticed a troll
  9055 | D:9      | Reached skill level 9 in Unarmed Combat
  9060 | D:9      | Reached XP level 10. HP: 61/83 MP: 13/13
  9080 | D:9      | HP: 4/84 [meliai/+0 war axe (8)]
  9080 | D:9      | Mangled by a meliai

Illustrated notes

Levels and vault maps discovered:
D:1:      dpeg_arrival_concentric_ovals, layout_basic,
          corexii_item_surrounded_by_moat, st_stairs_7
D:2:      wander_river, layout_basic, serial_shops, shop,
          hangedman_decor_growths
D:3:      layout_basic, mainiacjoe_overflow_small_starburst, uniq_grinder
D:4:      layout_basic, minmay_misc_feat_secret_circle, nicolae_eternal_life,
          minmay_fractal_squares_5, uniq_ijyb
D:5:      layout_layer_cave, reono_crystal_passage,
          minmay_fractal_squares_gapless_5, uniq_crazy_yiuf_cottage
D:6:      layout_cave_pods, lemuel_crystal_altar,
          mainiacjoe_overflow_cross_hatched, mainiacjoe_overflow_alcove_2,
          nicolae_gozag_zags_fifth_avenue, mainiacjoe_overflow_tiny_flanked,
          temple_fountains, nicolae_ossuary_entry_monument
D:7:      layout_cave_pools, minmay_strange_pillars
D:8:      layout_loops_ring, minmay_overflow_temple_hex, serial_glass,
          glass_columns_b, glass_columns_b, glass_columns_a, glass_columns_a,
          due_unseen_surprise, minmay_strange_pillars, minmay_strange_pillars
D:9:      layout_small_grid, mainiacjoe_overflow_surrounded_room,
          dpeg_oklobed_lair, david_orc_2, enter_bailey_2, hex_large,
          minmay_diamond_spiral

Skill      XL: |  1  2  3  4  5  6  7  8  9 |
---------------+----------------------------+-----
Transmutations | 3 4 6 7 8 |  8.5
Unarmed Combat | 4 5 6 7 8 9 |  9.2
Ice Magic      | 0 2 |  2.0
Dodging        | 2 3 5 |  5.6
Fighting       | 4 6 |  6.5
Spellcasting   | |  2.0

Action                     |  1- 3 |  4- 6 |  7- 9 | 10-12 || total
---------------------------+-------+-------+-------+-------++-------
  Melee: Unarmed           |    81 |   105 |   413 |    18 ||   617
         Tailslap          |     8 |     9 |    77 |     5 ||    99
         Kick              |    12 |    20 |   115 |    12 ||   159
         Headbutt          |    10 |    13 |    86 |     8 ||   117
         Punch             |     4 |     4 |    31 |     2 ||    41
   Cast: Beastly Appendage |    26 |    18 |    49 |     1 ||    94
         Wereblood         |       |       |     1 |     1 ||     2
    Use: Scroll            |     1 |     9 |    12 |       ||    22
         Potion            |       |     2 |     1 |       ||     3
   Stab: Sleeping          |     1 |     1 |       |       ||     2
 Armour: Skin              |    21 |    29 |   159 |     1 ||   210
  Dodge: Dodged            |    48 |    49 |   280 |    10 ||   387

Table legend: (Time is in decaauts)
 A = Elapsed time spent in this place.
 B = Non-inter-level travel time spent in this place.
 C = Inter-level travel time spent in this place.
 D = Time resting spent in this place.
 E = Time spent auto-exploring this place.
 F = Levels seen in this place.
 G = Mean time per level.
                   A        B        C        D        E       F      G
               +--------+--------+--------+--------+--------+-----+--------+
         Total |   9026 |   8479 |    547 |      0 |   7040 |  10 |  902.6 |
       Dungeon |   8799 |   8252 |    547 |      0 |   6922 |   9 |  977.7 |
       Ossuary |    226 |    226 |      0 |      0 |    118 |   1 |  226.0 |
               +--------+--------+--------+--------+--------+-----+--------+

Top non-repeatable levels by time:
     D:5: 1640 daAuts
     D:3: 1380 daAuts
     D:4: 1334 daAuts
     D:6: 964 daAuts
     D:1: 932 daAuts
     D:8: 899 daAuts
     D:2: 850 daAuts
     D:7: 757 daAuts
 Ossuary: 226 daAuts
     D:9: 40 daAuts
